 Dungeon Crawl Stone Soup version 0.29.0-4-gdea44cf6ec (webtiles) character file.

Game seed: 1653487968427501449

39 qw the Shield-Bearer (level 3, -3/23 HPs)
             Began as a Gargoyle Fighter on Sept 6, 2022.
             Slain by an orc
             ... wielding a +0 hand axe
              (5 damage)
             ... on level 3 of the Dungeon.
             The game lasted 00:00:33 (2626 turns).

qw the Shield-Bearer (Gargoyle Fighter)             Turns: 2626, Time: 00:00:34

Health: -3/23      AC: 10    Str: 21    XL:     3   Next: 45%
Magic:  3/3        EV:  2    Int:  8    God:
Gold:   205        SH: 12    Dex:  9    Spells: 2/2 levels left

rFire   . . .      SeeInvis .   Y - +0 war axe
rCold   . . .      Faith    .   f - +0 tower shield
rNeg    + . .      Spirit   .   b - +0 scale mail
rPois   inf        Reflect  .   (no helmet)
rElec   +          Harm     .   (no cloak)
rCorr   .          Rampage  .   (no gloves)
Will    .....                   (no boots)
Stlth   ..........              (no amulet)
HPRegen 0.07/turn               (no ring)
MPRegen 0.08/turn               (no ring)

@: about to teleport, constricted
A: sickness immunity, AC +3, negative energy resistance 1, electricity
resistance, torment resistance 1, petrification resistance
a: no special abilities


You were on level 3 of the Dungeon.
You visited 1 branch of the dungeon, and saw 3 of its levels.

You collected 205 gold pieces.


Innate Abilities, Weirdness & Mutations

You are immune to sickness and miasma.
Your stone body is resilient. (AC +3)
You are immune to poison.
You resist negative energy. (rN+)
You are resistant to electric shocks. (rElec)
You are resistant to unholy torment.
You are immune to petrification.


   Skills:
 - Level 3.2 Fighting
 - Level 2.6 Axes
 - Level 3.2 Armour
 + Level 4.2 Shields


You had 2 spell levels left.
You didn't know any spells.
Your spell library was empty.

Inventory:

Hand Weapons
 h - a +0 club
 Y - a +0 war axe (weapon)
Missiles
 i - 4 boomerangs (quivered)
Armour
 b - a +0 scale mail (worn)
 f - a +0 tower shield (worn)
Scrolls
 c - a scroll of identify
Potions
 d - a potion of might
 e - a potion of heal wounds
 g - a potion of attraction {unknown}
 j - a potion of curing

Dungeon Overview and Level Annotations

Branches:
Dungeon (3/15)

Altars:

Shops:
D:2 :


Message History

The orc priest hits you but does no damage.
The orc hits you but does no damage.
An orc comes into view. It is wielding a +0 hand axe.
The jackal bites you. You block the jackal's attack.
You hit the orc priest.
The orc priest is moderately wounded.
You hit the orc. x2; You closely miss the jackal. x2; You barely miss the orc.
The jackal bites you but does no damage.
You block the jackal's attack. You block the orc priest's attack.
The orc barely misses you. The orc hits you but does no damage.
The jackal barely misses you.
The jackal bites you but does no damage.
The ball python bites you but does no damage.
You block the ball python's attack. The orc hits you but does no damage.
The orc priest calls down the wrath of Beogh upon you.
Pain shoots through your body! You block the orc's attack.
A rat comes into view.
You hit the orc priest.
The orc priest is moderately wounded.
You hit the jackal. x2
You kill the jackal!
You closely miss the orc. You hit the orc but do no damage. You hit the orc.
You kill the orc!
You barely miss the ball python.
The jackal bites you but does no damage.
The ball python bites you but does no damage.
The ball python grabs you. The ball python constricts you.
You block the jackal's attack.
The orc priest calls down the wrath of Beogh upon you.
Beogh smites you!
Ouch! That really hurt!
You block the orc's attack.
The ball python bites you but does no damage.
The ball python constricts you. The jackal barely misses you.
2626 ||| READING scroll of teleportation.
As you read the scroll of teleportation, it crumbles to dust.
You feel strangely unstable. The orc hits you with a +0 whip.
You block the orc's attack. You block the orc priest's attack.
The orc hits you with a +0 hand axe.
You die...

!.........#.
...........
#..........
#....o.^...
#..........
#!.........
(.####Soo.......
#.....h@oo.....#
#.#####oo......#
#.o.......(
#.......r..
...........
##.......!..
#.....>...$
##.........


You could see an orc priest, 7 orcs, a jackal, a ball python and a rat.

Vanquished Creatures
  An adder (D:2)
  An orc (D:3)
  5 ball pythons
  3 endoplasms
  5 hobgoblins
  2 jackals (D:3)
  4 bats
  A frilled lizard (D:2)
  2 kobolds (D:1)
  2 rats (D:1)
26 creatures vanquished.

Vanquished Creatures (others)
  A plant (D:1)
1 creature vanquished.

Grand Total: 27 creatures vanquished

Notes
Turn   | Place    | Note
-------+----------+-------------------------------------------
     0 | D:1      | qw the Gargoyle Fighter began the quest for the Orb.
     0 | D:1      | Reached XP level 1. HP: 14/14 MP: 1/1
     0 | D:1      | 0 ||| qw: Version: 0.1-a-108-g9e35731
     0 | D:1      | 0 ||| qw: Game counter: 6384
     0 | D:1      | 0 ||| qw: Always use a shield: true
     0 | D:1      | 0 ||| qw: God list: Okawaru
     0 | D:1      | 0 ||| qw: Allow faded altars: false
     0 | D:1      | 0 ||| qw: Do Orc after D:15 true
     0 | D:1      | 0 ||| qw: Do second Lair branch before Depths: true
     0 | D:1      | 0 ||| qw: Lair rune preference: random
     0 | D:1      | 0 ||| qw: Plans: Normal, Zot, God:TSO, Crypt, Tomb, Zig,
                  | Orb
     0 | D:1      | 0 ||| PLANNING D:1-11
   448 | D:1      | Found a faded altar of an unknown god.
   704 | D:1      | Reached XP level 2. HP: 11/19 MP: 2/2
  1269 | D:1      | 1269 ||| UPGRADING to +0 tower shield.
  1279 | D:1      | 1279 ||| DROPPING +0 buckler.
  1280 | D:1      | 1280 ||| DROPPING ring of magical power.
  1281 | D:1      | 1281 ||| READING scroll labelled ACOEKU VUWI.
  1286 | D:1      | 1286 ||| READING scroll labelled TEPRUTY HYDUUV.
  1555 | D:2      | Found Jigroiwk's Book Boutique.
  1839 | D:2      | Reached XP level 3. HP: 23/23 MP: 3/3
  1901 | D:2      | Reached skill level 4 in Shields
  2194 | D:2      | 2194 ||| DROPPING +6 ring of intelligence.
  2195 | D:2      | 2195 ||| READING scroll labelled GUEDEX WYNEOLL.
  2196 | D:2      | 2196 ||| READING scroll labelled ONNAXO JEST.
  2197 | D:2      | 2197 ||| DRINKING 2 brown potions.
  2198 | D:2      | 2198 ||| DRINKING 2 fizzy orange potions.
  2348 | D:2      | 2348 ||| STAIRDANCE
  2625 | D:3      | HP: 2/23 [orc priest/divine providence (17)]
  2626 | D:3      | 2626 ||| READING scroll of teleportation.
  2626 | D:3      | Slain by an orc

Levels and vault maps discovered:
D:1:      heliophobic_arrival_dark_side_of_the_moon, layout_basic,
          serial_forest, infiniplex_forest_clump_double,
          infiniplex_forest_zigzag_1, infiniplex_forest_clump_long,
          infiniplex_forest_lined_room_, infiniplex_forest_clump_cross,
          infiniplex_forest_lined_3, infiniplex_forest_fountain,
          infiniplex_forest_lined_ring, infiniplex_forest_clump_curved,
          shapermc_ecumenical_altar_flowoftime
D:2:      layout_basic, serial_shops, shop, supply_closet_lemuel
D:3:      layout_rooms, grunt_temple_overflow_order_and_chaos_1

Skill      XL: |  1  2  3 |
---------------+----------+-----
Axes           | 2 |  2.6
Shields        | 4 |  4.2
Fighting       | |  3.2
Armour         | |  3.2

Action                   || total
-------------------------++-------
Melee: War axe           ||    63
  Use: Scroll            ||     5
       Potion            ||     2
Armor: Scale mail        ||    33
Dodge: Dodged            ||    21
Block: Buckler           ||     6
       Tower shield      ||    29

Table legend:
 A = Non-vault XP
 B = Vault XP
 C = Vault XP percentage of total XP
 D = Non-vault monster count
 E = Vault monster count
 F = Vault count percentage of total count
                 A         B        C        D         E       F
            +---------+---------+-------+---------+---------+-------
      Total |      56 |       0 |   0.0 |      26 |       0 |   0.0
            +---------+---------+-------+---------+---------+-------
        D:1 |      17 |       0 |   0.0 |      12 |       0 |   0.0
        D:2 |      31 |       0 |   0.0 |      10 |       0 |   0.0
        D:3 |       8 |       0 |   0.0 |       4 |       0 |   0.0
            +---------+---------+-------+---------+---------+-------
